 Dungeon Crawl Stone Soup version 0.24.1 (webtiles) character file.

Game seed: 13737697663843889857, levelgen mode: deterministic

43121 Peloso the Peltast (level 13, 0/116 HPs)
             Began as a Minotaur Fighter on Apr 3, 2020.
             Was the Champion of Okawaru.
             Slain by a killer bee (7 damage)
             ... on level 5 of the Lair of Beasts.
             The game lasted 00:43:00 (17135 turns).

Peloso the Peltast (Minotaur Fighter)              Turns: 17135, Time: 00:43:00

Health: 0/116      AC: 10    Str: 39    XL:     13   Next: 89%
Magic:  13/13      EV: 11    Int:  5    God:    Okawaru [******]
Gold:   2262       SH: 16    Dex: 15    Spells: 12/12 levels left

rFire    . . .     SeeInvis .   a - +0 falchion (flame)
rCold    . . .     Gourm    .   c - +0 shield
rNeg     . . .     Faith    .   H - +1 plate armour "Zacziel" {rC- Str+7}
rPois    .         Spirit   .   S - +0 hat of the Sunfish {Str+5}
rElec    .         Reflect  .   h - scarf {cloud immunity}
rCorr    .         Harm     .   x - +1 pair of gloves of Fejeh {Dex+4}
MR       .....                  l - +0 pair of boots
Stlth    ..........             Q - amulet of the acrobat
HPRegen  0.29/turn              s - ring of protection from cold
MPRegen  0.13/turn              (no ring)

@: about to teleport, corroded, flying (expiring)
A: retaliatory headbutt, horns 2, yellow scales 1, strong 1, wild magic 1
a: Heroism, Finesse, Renounce Religion


You were on level 5 of the Lair of Beasts.
You worshipped Okawaru.
Okawaru was exalted by your worship.
You were hungry.

You visited 3 branches of the dungeon, and saw 17 of its levels.
You also visited: Sewer.

You collected 2262 gold pieces.

Inventory:

Hand Weapons
 a - a +0 falchion of flaming (weapon)
Armour
 c - a +0 shield (worn)
 h - a scarf of cloud immunity (worn)
 l - a +0 pair of boots (worn)
 n - the +3 hat of Tyijimer {rElec}
   (Okawaru gifted it to you on level 2 of the Lair of Beasts)

   It insulates you from electricity.
 o - a +0 cloak
 p - a +0 chain mail
 u - a +2 crystal plate armour
 x - the +1 pair of gloves of Fejeh (worn) {Dex+4}
   (You found it on level 5 of the Dungeon)

   It affects your dexterity (+4).
 H - the +1 plate armour "Zacziel" (worn) {rC- Str+7}
   (You found it on level 8 of the Dungeon)

   It affects your strength (+7).
   It makes you vulnerable to cold.
 S - the +0 hat of the Sunfish (worn) {Str+5}
   (Okawaru gifted it to you on level 1 of the Lair of Beasts)

   It affects your strength (+5).
Jewellery
 i - an uncursed ring of protection from fire
 s - a ring of protection from cold (left hand)
 C - a cursed ring of attention {unknown}
 G - an uncursed ring of protection from cold
 Q - an amulet of the acrobat (around neck)
Wands
 r - a wand of acid (8)
 z - a wand of polymorph (7)
Scrolls
 g - 8 scrolls of identify
 j - 11 scrolls of remove curse
 k - 6 scrolls of blinking
 m - 8 scrolls of teleportation
 t - a scroll of brand weapon {unknown}
 v - 3 scrolls of fog
 y - a scroll of summoning {unknown}
 K - 2 scrolls of noise
 R - a scroll of magic mapping
Potions
 b - a potion of brilliance
 d - 2 potions of might
 e - 4 potions of haste
 w - 8 potions of curing
 A - 8 potions of heal wounds
 E - a potion of berserk rage
 F - a potion of cancellation
 I - a potion of resistance
Miscellaneous
 q - a phantom mirror
Comestibles
 f - 28 rations


   Skills:
 + Level 11.3 Fighting
   Level 10.0(12.3) Short Blades
 + Level 12.7(14.1) Long Blades
 + Level 12.3 Armour
 + Level 3.8 Dodging
 + Level 2.1 Stealth
 + Level 16.1 Shields
 + Level 1.9 Invocations


You had 12 spell levels left.
You didn't know any spells.
Your spell library contained the following spells:

 Spells                   Type           Power        Failure   Level  Hunger
 Beastly Appendage        Tmut           #.....       95%         1    ##.....
 Flame Tongue             Conj/Fire      #....        95%         1    ##.....
 Magic Dart               Conj           #...         95%         1    ##.....
 Sandblast                Erth           #.....       95%         1    ##.....
 Shock                    Conj/Air       #...         95%         1    ##.....
 Sting                    Conj/Pois      #...         95%         1    ##.....
 Blink                    Tloc           N/A          99%         2    ###....
 Call Imp                 Summ           #.......     99%         2    ###....
 Passwall                 Tmut/Erth      #.......     99%         2    ###....
 Poisonous Vapours        Pois/Air       #.....       99%         2    ###....
 Slow                     Hex            #.......     99%         2    ###....
 Sticks to Snakes         Tmut           #.......     99%         2    ###....
 Swiftness                Chrm/Air       #.......     99%         2    ###....
 Throw Flame              Conj/Fire      #.....       99%         2    ###....
 Conjure Flame            Conj/Fire      #.......     100%        3    ####...
 Ignite Poison            Fire/Tmut/Pois #.......     100%        3    ####...
 Inner Flame              Hex/Fire       #.......     100%        3    ####...
 Mephitic Cloud           Conj/Pois/Air  #.......     100%        3    ####...
 Spider Form              Tmut/Pois      #.........   100%        3    ####...
 Static Discharge         Conj/Air       #.......     100%        3    ####...
 Stone Arrow              Conj/Erth      #.....       100%        3    ####...
 Airstrike                Air            #.........   100%        4    #####..
 Ice Form                 Ice/Tmut       #.......     100%        4    #####..
 Olgreb's Toxic Radiance  Pois           #.......     100%        4    #####..
 Petrify                  Tmut/Erth      #.......     100%        4    #####..
 Sticky Flame             Conj/Fire      #.......     100%        4    #####..
 Blade Hands              Tmut           #.........   100%        5    ######.
 Fireball                 Conj/Fire      #.........   100%        5    ######.
 Lee's Rapid Deconstruct  Erth           #.........   100%        5    ######.
 Lightning Bolt           Conj/Air       #.........   100%        5    ######.
 Venom Bolt               Conj/Pois      #.........   100%        5    ######.
 Bolt of Fire             Conj/Fire      #.........   100%        6    #######
 Ring of Flames           Chrm/Fire      #.........   100%        7    #######
 Ignition                 Fire           #.........   100%        8    #######


Dungeon Overview and Level Annotations

Branches:
Dungeon (11/15)            Temple (1/1) D:4            Lair (5/6) D:11
  Swamp (0/4) Lair:2        Snake (0/4) Lair:3        Slime (0/5) Lair:5
    Orc (0/2) D:11          Sewer (visited)

Altars:
Ashenzari
Cheibriados
Dithmenos
Elyvilon
Fedhas
Gozag
Hepliaklqana
Kikubaaqudgha
Makhleb
Nemelex Xobeh
Okawaru
Qazlal
Ru
Sif Muna
Trog
Uskayaw
Vehumet
Wu Jian
Xom
Yredelemnul
Zin
The Shining One
Jiyva

Shops:
D:11 [

Annotations:
D:10 3 runed translucent doors, Saltbearer's ghost, journeyman TrFi
Lair:3 3 runed translucent doors, Maghat's ghost, journeyman TrBe
Lair:5 exclusion: oklob plant


Innate Abilities, Weirdness & Mutations

You reflexively headbutt those who attack you in melee.
You have a pair of horns on your head.
You are partially covered in yellow scales. (AC +2)
Your muscles are strong. (Str +2)
Your spells are a little harder to cast, but a little more powerful.


Message History

The hippogriff completely misses you.
The hippogriff pecks you but does no damage.
The hippogriff misses you. The killer bee stings you.
* * * LOW HITPOINT WARNING * * *
The spiny frog stings you.
* * * LOW HITPOINT WARNING * * *
You are poisoned.
The spiny frog poisons you!
You feel better.
The killer bee buzzes angrily.
You hear a croak.
You hear an angry buzzing noise. x2; You hear a croak.
You block the killer bee's attack.
The meliai invokes the aid of its god against you.
Something smites you!
* * * LOW HITPOINT WARNING * * *
The killer bee stings you but does no damage. x2
You block the killer bee's attack. You block the hippogriff's attack.
The hippogriff completely misses you. You block the hippogriff's attack.
The spiny frog completely misses you. The killer bee stings you!
You die...

............^.# ##.## #..##
#.............# ### ##..#
..≈.≈.P.≈.P.≈.# ### ##...
#.#≈≈≈≈≈≈≈≈≈≈≈≈###≈## ##....
###≈≈≈≈≈≈≈≈≈≈≈≈≈≈≈≈≈# ###
#.....
#≈≈≈≈≈≈≈≈≈≈##≈≈≈≈≈####P###<....
#≈≈≈≈≈≈≈≈≈≈##≈≈≈≈≈≈≈#.........#
#≈≈≈≈##≈≈≈≈≈≈yP[≈≈≈###.........
#≈≈≈≈##≈≈≈≈≈yH@y≈≈≈# ##.#......
#≈≈≈≈≈≈≈≈≈≈≈≈Fyy≈≈≈## #..P...<.
≈≈≈≈≈≈y≈≈##≈≈####.......
≈.P.≈r≈≈≈##≈≈...........
..y..≈≈≈≈≈≈≈≈≈..........
#...P≈≈≈≈≈≈≈≈...........
.....≈≈≈≈≈≈≈≈P..##.#....
..#.≈≈≈≈≈≈≈≈≈...##....#.
.#...≈≈##≈≈≈≈≈....#.##.#


You could see an oklob plant, a hippogriff, a spiny frog, a meliai, a hell rat
and 6 killer bees.

Vanquished Creatures
  7 hydras
  Josephine (D:9)
  Harold (Lair:1)
  Erolcha (D:10)
  2 two-headed ogres (D:9)
  An unseen horror (D:11)
  Pikel (D:4)
  An oklob plant (Lair:5)
  A centaur zombie (D:11)
  A manticore (Lair:4)
  An elephant (Lair:5)
  9 spiny frogs
  2 black mambas
  19 rime drakes
  6 komodo dragons
  A polar bear (Lair:2)
  A meliai (Lair:5)
  A tyrant leech (Lair:2)
  2 dream sheep (D:11)
  9 blink frogs (Lair:5)
  12 hippogriffs
  7 wyverns
  5 wraiths
  22 yaks
  8 basilisks
  7 steam dragons (Lair:2)
  3 wargs (D:11)
  Menkaure (D:4)
  An acid dragon (Lair:2)
  2 swamp worms (Lair:2)
  3 porcupines
  16 water moccasins
  A hell hound (Lair:4)
  A black bear (D:8)
  9 orc warriors
  A phantom (D:5)
  A sky beast (D:7)
  3 ice beasts
  2 ogres
  8 wolves
  7 centaurs
  7 crocodiles
  5 big kobolds
  Blork the orc (D:5)
  A gnoll sergeant (D:5)
  12 bullfrogs
  A water moccasin zombie (D:7)
  4 scorpions
  39 killer bees
  4 wights (D:7)
  An electric eel (Lair:1)
  6 howler monkeys (D:11)
  4 crimson imps
  A bullfrog zombie (D:8)
  6 orc priests
  2 hounds
  2 bullfrog skeletons
  A gnoll shaman (D:6)
  A jelly (D:9)
  A centaur skeleton (D:8)
  3 iguanas
  12 orc wizards
  10 worker ants
  A killer bee zombie (D:9)
  A hound zombie (D:7)
  3 hound skeletons
  4 gnolls (D:5)
  12 adders
  3 river rats
  3 shadow imps
  An ooze (D:1)
  2 adder zombies
  2 worms (D:4)
  A dart slug (D:1)
  A leopard gecko (D:5)
  37 orcs
  2 ball pythons
  8 giant cockroaches
  6 goblins
  5 hobgoblins
  13 jackals
  3 quokkas
  2 bats
  8 frilled lizards
  A jackal skeleton (D:6)
  8 kobolds
  A leopard gecko zombie (D:5)
  6 rats
  A bush (D:6)
447 creatures vanquished.

Vanquished Creatures (others)
  3 fungi
  4 plants
7 creatures vanquished.

Grand Total: 454 creatures vanquished

Notes
Turn   | Place    | Note
-------+----------+-------------------------------------------
     0 | D:1      | Peloso the Minotaur Fighter began the quest for the Orb.
     0 | D:1      | Reached XP level 1. HP: 19/19 MP: 0/0
    74 | D:1      | Reached skill level 4 in Shields
   130 | D:1      | Reached XP level 2. HP: 26/27 MP: 1/1
   645 | D:1      | Gained mutation: You are resistant to hostile enchantments.
                  | (MR+) [potion of mutation]
   645 | D:1      | Gained mutation: You occasionally shout uncontrollably at
                  | your foes. [potion of mutation]
   645 | D:1      | Gained mutation: You have sharp fingernails. [potion of
                  | mutation]
   646 | D:1      | Lost mutation: You occasionally shout uncontrollably at
                  | your foes. [potion of mutation]
   646 | D:1      | Lost mutation: You have sharp fingernails. [potion of
                  | mutation]
   646 | D:1      | Lost mutation: You are resistant to hostile enchantments.
                  | (MR+) [potion of mutation]
   646 | D:1      | Gained mutation: Your muscles are strong. (Str +2) [potion
                  | of mutation]
   646 | D:1      | Gained mutation: You are partially covered in yellow
                  | scales. (AC +2) [potion of mutation]
   646 | D:1      | Gained mutation: Your spells are a little harder to cast,
                  | but a little more powerful. [potion of mutation]
  1323 | D:2      | Reached XP level 3. HP: 32/33 MP: 2/2
  2419 | D:3      | Reached XP level 4. HP: 40/40 MP: 3/3
  2906 | D:4      | Found a glowing drain.
  2931 | Sewer    | Entered a sewer
  2937 | Sewer    | Reached skill level 5 in Shields
  3003 | Sewer    | Noticed a big kobold
  3033 | Sewer    | Killed a big kobold
  3033 | Sewer    | Reached XP level 5. HP: 46/46 MP: 4/4
  3053 | Sewer    | Found a white marble altar of Elyvilon.
  3232 | D:4      | Reached skill level 6 in Shields
  3386 | D:4      | Noticed Menkaure
  3393 | D:4      | Killed Menkaure
  3393 | D:4      | Reached skill level 5 in Long Blades
  3393 | D:4      | Reached XP level 6. HP: 52/52 MP: 5/5
  3462 | D:4      | Found a staircase to the Ecumenical Temple.
  3471 | Temple   | Entered the Ecumenical Temple
  3762 | D:4      | Noticed a slave
  3762 | D:4      | Noticed a slave
  3765 | D:4      | Noticed Pikel
  3767 | D:4      | Noticed a slave
  3775 | D:4      | Killed Pikel
  3775 | D:4      | Reached skill level 1 in Short Blades
  3775 | D:4      | Reached skill level 5 in Armour
  3775 | D:4      | Reached skill level 1 in Dodging
  3775 | D:4      | Reached skill level 7 in Shields
  3775 | D:4      | Reached XP level 7. HP: 56/60 MP: 6/6
  4063 | D:5      | Entered Level 5 of the Dungeon
  4064 | D:5      | Found a bloodstained altar of Trog.
  4110 | D:5      | Got a pair of bloodstained gloves
  4116 | D:5      | Identified the +1 pair of gloves of Fejeh {Dex+4} (You
                  | found it on level 5 of the Dungeon)
  4169 | D:5      | Noticed Blork the orc
  4175 | D:5      | Killed Blork the orc
  4246 | D:5      | Reached XP level 8. HP: 67/67 MP: 7/7
  4364 | D:5      | Reached skill level 5 in Fighting
  4483 | D:5      | Found a burning altar of Makhleb.
  4483 | D:5      | Found a radiant altar of Vehumet.
  4621 | D:5      | Reached skill level 5 in Short Blades
  4621 | D:5      | Reached skill level 8 in Shields
  5157 | D:6      | Found an iron altar of Okawaru.
  5157 | D:6      | Found a shimmering altar of Xom.
  5158 | D:6      | Found a hide-covered altar of Uskayaw.
  5421 | D:6      | Became a worshipper of Warmaster Okawaru
  5483 | D:6      | Reached XP level 9. HP: 74/74 MP: 8/8
  6256 | D:7      | Reached * piety under Okawaru
  6313 | D:7      | Reached skill level 9 in Shields
  6999 | D:8      | Reached ** piety under Okawaru
  7288 | D:8      | Found a stormy altar of Qazlal.
  7400 | D:8      | Reached XP level 10. HP: 88/88 MP: 9/9
  7522 | D:8      | Got a faintly glowing plate armour
  7533 | D:8      | Identified the cursed +1 plate armour "Zacziel" {rC- Str+7}
                  | (You found it on level 8 of the Dungeon)
  7792 | D:9      | Noticed a two-headed ogre
  7800 | D:9      | Killed a two-headed ogre
  8091 | D:9      | Reached skill level 1 in Invocations
  8423 | D:9      | Noticed a two-headed ogre
  8432 | D:9      | Killed a two-headed ogre
  8432 | D:9      | Reached skill level 10 in Shields
  8537 | D:9      | Reached *** piety under Okawaru
  8615 | D:10     | Entered Level 10 of the Dungeon
  8615 | D:10     | Noticed Josephine
  8634 | D:9      | Killed Josephine
  8646 | D:9      | Reached **** piety under Okawaru
  8824 | D:10     | Noticed Erolcha
  8835 | D:10     | Killed Erolcha
  8835 | D:10     | Reached XP level 11. HP: 97/97 MP: 8/11
  8992 | D:10     | Found a runed translucent gate.
  8992 | D:10     | Found a runed translucent gate.
  8992 | D:10     | Found a runed translucent gate.
  9008 | D:10     | You fall into a shaft and drop 1 floor!
  9052 | D:11     | Reached skill level 11 in Shields
  9173 | D:11     | Reached ***** piety under Okawaru
  9209 | D:11     | Reached skill level 10 in Short Blades
  9225 | D:11     | Found a staircase to the Lair.
  9356 | D:11     | Found Weghux's Armour Emporium.
  9381 | D:11     | Found a staircase to the Orcish Mines.
  9418 | D:11     | Killed an unseen horror
  9827 | D:11     | Noticed a three-headed hydra
  9839 | D:11     | Killed a one-headed hydra
  9839 | D:11     | Reached skill level 10 in Armour
  9839 | D:11     | Reached skill level 1 in Stealth
 10098 | D:11     | Reached skill level 12 in Shields
 10339 | D:10     | Noticed Saltbearer's ghost (journeyman TrFi)
 10485 | Lair:1   | Entered Level 1 of the Lair of Beasts
 11030 | Lair:1   | Noticed Harold
 11052 | Lair:1   | Killed Harold
 11052 | Lair:1   | Received a gift from Okawaru
 11060 | Lair:1   | Reached skill level 10 in Fighting
 11063 | Lair:1   | Reached XP level 12. HP: 77/106 MP: 10/12
 11082 | Lair:1   | Got a heavily runed hat {god gift}
 11088 | Lair:1   | Identified the +0 hat of the Sunfish {Str+5} (Okawaru
                  | gifted it to you on level 1 of the Lair of Beasts)
 11467 | Lair:1   | Reached skill level 13 in Shields
 12094 | Lair:2   | Noticed a seven-headed hydra
 12094 | Lair:2   | Noticed a six-headed hydra
 12104 | Lair:2   | Killed a two-headed hydra
 12111 | Lair:2   | Killed a three-headed hydra
 12116 | Lair:2   | Found a staircase to the Swamp.
 12239 | Lair:2   | Noticed a seven-headed hydra
 12255 | Lair:2   | Killed a four-headed hydra
 12563 | Lair:2   | Reached skill level 10 in Long Blades
 12945 | Lair:2   | Received a gift from Okawaru
 12948 | Lair:2   | Got a bloodstained hat {god gift}
 12959 | Lair:2   | Identified the +3 hat of Tyijimer {rElec} (Okawaru gifted
                  | it to you on level 2 of the Lair of Beasts)
 13616 | Lair:3   | Reached skill level 14 in Shields
 13653 | Lair:3   | Reached ****** piety under Okawaru
 13733 | Lair:3   | Found a runed translucent gate.
 13733 | Lair:3   | Found a runed translucent gate.
 13733 | Lair:3   | Found a runed translucent gate.
 13768 | Lair:3   | Noticed Maghat's ghost (journeyman TrBe)
 13798 | Lair:3   | Found a staircase to the Snake Pit.
 14380 | Lair:4   | Noticed a five-headed hydra
 14386 | Lair:4   | Killed a two-headed hydra
 14394 | Lair:4   | Reached XP level 13. HP: 114/114 MP: 13/13
 15110 | Lair:4   | Reached skill level 15 in Shields
 15112 | Lair:4   | Received a gift from Okawaru
 16215 | Lair:5   | Found a viscous altar of Jiyva.
 16216 | Lair:5   | Found a staircase to the Slime Pits.
 16817 | Lair:5   | Reached skill level 16 in Shields
 17135 | Lair:5   | Slain by a killer bee

Levels and vault maps discovered:
D:1:      dpeg_arrival_lava_temple_mockup, layout_rooms, serial_forest,
          infiniplex_forest_clump_long, infiniplex_forest_zigzag_1,
          infiniplex_forest_clump_large, infiniplex_forest_diagonal,
          infiniplex_forest_clump_long, infiniplex_forest_zigzag_1,
          infiniplex_forest_lined_room_2, minivault_26
D:2:      layout_basic
D:3:      layout_loops_cross, first_ration, eino_tiny_chamber
D:4:      layout_basic, minmay_temple_entry_antechambers,
          cheibrodos_sewer_entry_bend, uniq_pikel, uniq_menkaure
D:5:      layout_basic, grunt_temple_overflow_lords_of_destruction,
          nicolae_overflow_crystal_walls, uniq_blork_the_orc
D:6:      kb_forest_paths, layout_basic, gammafunk_temple_overflow_forgotten
D:7:      layout_loops_cross
D:8:      layout_basic, basic_altar
D:9:      layout_basic
D:10:     layout_irregular_city, gammafunk_ghost_icy, uniq_josephine,
          uniq_erolcha
D:11:     layout_roguey, erik_lair_orcish_takeover, orc_david_3, hangedman_ranch
          [blue_anna_fruit_fields]
Temple:   regret_index_temple_sphere_string
Lair:1:   layout_long_grid, chequers_serial_rivers_micro_d,
          serial_bayou_shore_a, uniq_harold
Lair:2:   layout_gridlike, palyth_hydra_swamp_entry, bobbens_dragon_lair_wall
Lair:3:   layout_loops_ring, minmay_snake_entry_six_corridors,
          gammafunk_ghost_split
Lair:4:   layout_cave_pods, special_room [special_room_mythical_zoo],
          serial_bayou_shore_b, grunt_megastairs_2
Lair:5:   regret_index_harrowing_hell_hive, layout_loops_ring, slime_altar_1,
          hibernation_bobbens, serial_bayou_shore_b

Skill      XL: |  1  2  3  4  5  6  7  8  9 10 11 12 13 |
---------------+----------------------------------------+-----
Shields        | 4 5 6 7 8 9 10 12 14 16 | 16.1
Long Blades    | 3 4 5 6 8 11 12 | 12.7
Armour         | 4 5 6 7 9 10 11 12 | 12.3
Fighting       | 4 5 8 9 10 11 | 11.3
Short Blades   | 1 2 5 7 9 10 | 10.0
Dodging        | 1 2 3 |  3.8
Invocations    | 1 |  1.9
Stealth        | 1 2 |  2.1

Action                   |  1- 3 |  4- 6 |  7- 9 | 10-12 | 13-15 || total
-------------------------+-------+-------+-------+-------+-------++-------
Melee: Long sword        |    94 |    82 |       |       |       ||   176
       Headbutt          |    11 |    16 |    88 |   227 |   133 ||   475
       Short sword       |       |    27 |   354 |   164 |       ||   545
       Falchion          |       |       |       |   478 |   383 ||   861
Invok: Heroism           |       |       |     2 |    10 |     1 ||    13
  Use: Potion            |     3 |     7 |       |     3 |     3 ||    16
       Scroll            |       |     6 |       |     8 |     1 ||    15
  Eat: Chunk             |     3 |     6 |    11 |    16 |     9 ||    45
       Ration            |       |       |       |     2 |       ||     2
Armor: Scale mail        |    28 |       |       |       |       ||    28
       Chain mail        |    63 |    64 |    95 |       |       ||   222
       Plate armour      |       |       |    39 |   225 |   149 ||   413
Dodge: Dodged            |    30 |    30 |    74 |   143 |   152 ||   429
Block: Shield            |    69 |    54 |   172 |   436 |   310 ||  1041
       Rpst.: Long sword |    14 |     5 |       |       |       ||    19
       Falchion          |       |       |       |    26 |    32 ||    58
